 Dungeon Crawl Stone Soup version 0.32-a0-22-g6ae6769602 (webtiles) character file.

Game seed: 13933756410829831093

483 jasper the Ruffian (level 6, 0/52 HPs)
             Began as an Armataur Berserker on Jan 18, 2024.
             Was a Believer of Trog.
             Killed by divine providence
             ... invoked by an orc priest
              (13 damage)
             ... on level 5 of the Dungeon.
             The game lasted 00:04:23 (3701 turns).

jasper the Ruffian (Armataur Berserker)             Turns: 3701, Time: 00:04:24

Health: 0/52       AC:  4    Str: 22    XL:     6   Next: 88%
Magic:  6/6        EV: 10    Int:  8    God:    Trog [**....]
Gold:   143        SH:  4    Dex: 11    Spells: 5/5 levels left

rFire   . .          .
                       - Unarmed
rCold   . . .        l - +0 buckler
rNeg    . . .        a - +0 animal skin
rPois   .            (no helmet)
rElec   .            (no cloak)
rCorr   .            (no gloves)
SInv    .            (no barding)
Will    .....        (no amulet)
Stlth   +            (no ring)
HPRegen 0.28/turn    (no ring)
MPRegen 0.10/turn

%: roll
@: on berserk cooldown, slowed, very slow
A: large, deformed body, tough skin 3, armoured tail, roll 1
a: Renounce Religion, Berserk, Trog's Hand


You were on level 5 of the Dungeon.
You worshipped Trog.
Trog was pleased with you.
You visited 1 branch of the dungeon, and saw 5 of its levels.

You collected 143 gold pieces.

Inventory:

Hand Weapons
 i - a +0 trident
Missiles
 c - 27 stones (quivered)
 d - 6 poisoned darts
Armour
 a - a +0 animal skin (worn)
 l - a +0 buckler (worn)
Scrolls
 f - a scroll of identify
 m - 2 scrolls of teleportation {unknown}
 n - a scroll of fear {unknown}
 o - a scroll of blinking
 q - a scroll of amnesia {unknown}
 s - a scroll of torment {unknown}
Potions
 b - 3 potions of degeneration
 e - 2 potions of heal wounds {unknown}
 g - 2 potions of magic
 h - 2 potions of haste
 j - a potion of brilliance
 k - a potion of enlightenment {unknown}
 p - a potion of berserk rage {unknown}
 r - a potion of curing {unknown}


   Skills:
 + Level 4.1 Fighting
 - Level 2.4 Armour
 + Level 2.9 Dodging
 + Level 1.8 Shields
 * Level 5.2 Unarmed Combat


You had 5 spell levels left.
You didn't know any spells.
Your spell library was empty.

Dungeon Overview and Level Annotations

Branches:
Dungeon (5/15)             Temple (0/1) D:4

Altars:
Ashenzari
Dithmenos
Fedhas
Kikubaaqudgha
Makhleb
Wu Jian
Xom
Yredelemnul


Innate Abilities, Weirdness & Mutations

Armour fits poorly on your strangely shaped body.
You have extremely tough skin. (AC +3)
You have a long armoured tail.
You regenerate magic when rolling toward enemies. (Rampage MPRegen)


Message History

You see here a scroll labelled UMELIM JUFFEP.
An orc is nearby!
s - a scroll labelled UMELIM JUFFEP The orc shouts!
The orc throws a stone.
The stone hits you.
An orc wizard comes into view. It is wielding a +0 short sword.
An orc comes into view. It is wielding a +0 mace.
The orc wizard moves out of view.
A howler monkey comes into view.
The howler monkey moves out of view.
The howler monkey hoots and howls with incredible vigour!
You hear a shout! x2; You hear an angry hiss. x3; You hear a shout! x4
You hear a bark!
You hear a shout!
You hear a bark!
You hear a shout! x3
You hear a bark!
You hear an angry hiss.
The howler monkey hoots and howls with incredible vigour!
You hear a bark!
You hear a shout!
You open the door.
A wyvern, an adder, a ribbon worm and 2 ufetubi come into view.
The wyvern hisses angrily.
The ufetubus shouts!
The ufetubus hits you. The ufetubus misses you.
Found a stone staircase leading up.
You take 3 damage, and have 18/52 hp.
You hit the ufetubus.
The ufetubus is severely wounded.
The ufetubus hits you but does no damage.
You block the ufetubus's attack. The howler monkey closely misses you.
The ufetubus closely misses you. The ufetubus hits you.
The howler monkey hits you.
* * * LOW HITPOINT WARNING * * *
You take 8 damage, and have 10/52 hp.
Blink to where?
Press: ? - help, Dir - move target
As you read the scroll of blinking, it crumbles to dust.
The orc throws a stone.
The stone barely misses you.
The howler monkey hoots and howls with incredible vigour!
The howler monkey hoots and howls with incredible vigour!
The orc throws a stone.
The stone closely misses you.
You hear a shout!
You hear a bark!
You hear a shout!
The orc priest mumbles some strange prayers to Beogh against you.
Beogh smites you!
You die...

..##.o####..#............
.#..kh##....##...>.......
_....5......##.........†.
.#..o.o......##.##..>.^..
...............?#........
#....#.5...........#.....
#...##...###....#####....
###......##.....# #....
#.....@#.......# #....
#######.>........###...
#......##..##..##
#......# .....## #......#
....# #....... .....
##...... ..).# ...#.#


You could see a wyvern, a howler monkey (catching breath), an orc priest, 2
ufetubi and an orc.

Vanquished Creatures
  Eustachio (D:5)
  A phantom (D:5)
  A bombardier beetle (D:4)
  2 orc priests (D:3)
  An iguana (D:5)
  An orc wizard (D:3)
  2 adders
  A white imp (D:5)
  2 ufetubi (D:5)
  2 ribbon worms
  4 dart slugs
  14 orcs
  5 ball pythons
  5 endoplasms
  2 goblins
  8 hobgoblins
  5 jackals
  A kobold (D:4)
  A quokka (D:1)
  4 bats
  2 frilled lizards
  2 rats (D:1)
67 creatures vanquished.

Notes
Turn   | Place    | Note
-------+----------+-------------------------------------------
     0 | D:1      | jasper the Armataur Berserker began the quest for the Orb.
     0 | D:1      | Reached XP level 1. HP: 18/18 MP: 1/1
   346 | D:1      | Reached skill level 3 in Unarmed Combat
   356 | D:1      | Reached XP level 2. HP: 21/25 MP: 2/2
  1109 | D:2      | Reached XP level 3. HP: 12/31 MP: 3/3
  1727 | D:3      | Reached XP level 4. HP: 35/38 MP: 4/4
  1769 | D:3      | Reached ** piety under Trog
  1869 | D:3      | Reached skill level 4 in Unarmed Combat
  1904 | D:3      | Reached XP level 5. HP: 30/45 MP: 5/5
  1986 | D:3      | Found a shadowy altar of Dithmenos.
  2015 | D:3      | Found a basalt altar of Yredelemnul.
  2899 | D:4      | Found a burning altar of Makhleb.
  3124 | D:4      | Found a staircase to the Ecumenical Temple.
  3158 | D:4      | Found an ornate altar of the Wu Jian Council.
  3158 | D:4      | Found a blossoming altar of Fedhas.
  3160 | D:4      | Found a shimmering altar of Xom.
  3161 | D:4      | Found a broken altar of Ashenzari.
  3305 | D:5      | Entered Level 5 of the Dungeon
  3648 | D:5      | Noticed a phantom
  3662 | D:5      | Noticed Eustachio
  3663 | D:5      | Killed a phantom
  3664 | D:5      | Reached skill level 1 in Shields
  3664 | D:5      | Reached XP level 6. HP: 40/52 MP: 6/6
  3679 | D:5      | Killed Eustachio
  3680 | D:5      | Reached skill level 5 in Unarmed Combat
  3687 | D:5      | Found an ancient bone altar of Kikubaaqudgha.
  3694 | D:5      | Noticed a wyvern
  3701 | D:5      | Killed from afar by an orc priest

Illustrated notes

Levels and vault maps discovered:
D:1:      wander_arrival_peaceful_grave, layout_loops_ring,
          minmay_misc_feat_chi, nrook_uturn
D:2:      layout_loops_cross, columned_hall_lemuel, minmay_misc_feat_iff
D:3:      minmay_evil_eye, layout_basic, mainiacjoe_overflow_small_starburst,
          nicolae_dithmenos_through_a_glass_darkly, serial_curves,
          eino_curves_03, eino_curves_04, eino_curves_03,
          kennysheep_generic_room_7
D:4:      layout_rooms, mainiacjoe_overflow_alcove_3,
          mainiacjoe_overflow_alcove_4, minmay_temple_entry_tees,
          kennysheep_generic_room_8
D:5:      minmay_angry_zag, layout_cave_pools,
          mainiacjoe_overflow_surrounded_room, lemuel_crystal_altar,
          serial_shops, nicolae_take_the_stairs, kennysheep_small_square,
          uniq_eustachio

Skill      XL: |  1  2  3  4  5  6 |
---------------+-------------------+-----
Unarmed Combat | 3 4 5 |  5.2
Fighting       | 3 4 |  4.1
Dodging        | 2 |  2.9
Shields        | 1 |  1.8
Armour         | |  2.4

Action                     |  1- 3 |  4- 6 || total
---------------------------+-------+-------++-------
  Melee: Unarmed           |   101 |   148 ||   249
         Tailslap          |     7 |    24 ||    31
 Invoke: Berserk           |       |     1 ||     1
    Use: Scroll            |     3 |     5 ||     8
   Stab: Sleeping          |     3 |     1 ||     4
 Armour: Animal skin       |    64 |    90 ||   154
  Dodge: Dodged            |    32 |    75 ||   107
  Block: Buckler           |       |    18 ||    18

Table legend: (Time is in decaauts)
 A = Elapsed time spent in this place.
 B = Non-inter-level travel time spent in this place.
 C = Inter-level travel time spent in this place.
 D = Time resting spent in this place.
 E = Time spent auto-exploring this place.
 F = Levels seen in this place.
 G = Mean time per level.
                   A        B        C        D        E       F      G
               +--------+--------+--------+--------+--------+-----+--------+
         Total |   3689 |   3561 |    128 |    614 |   2310 |   5 |  737.8 |
       Dungeon |   3689 |   3561 |    128 |    614 |   2310 |   5 |  737.8 |
               +--------+--------+--------+--------+--------+-----+--------+

Top non-repeatable levels by time:
     D:3: 1175 daAuts
     D:2: 897 daAuts
     D:1: 804 daAuts
     D:4: 417 daAuts
     D:5: 394 daAuts
